 Dungeon Crawl Stone Soup version 0.29.1-12-g30fa7ad0bf (webtiles) character file.

Game seed: 12365848522903372104

213316 raph the Earth Mage (level 18, -5/99 HPs)
             Began as a Gargoyle Earth Elementalist on Dec 21, 2022.
             Was the Champion of Vehumet.
             Slain by a deep troll (6 damage)
             ... led by an ironbound preserver
             ... on level 1 of the Vaults.
             The game lasted 01:57:26 (64535 turns).

raph the Earth Mage (Gargoyle Earth Elementalist)  Turns: 64535, Time: 01:57:26

Health: -5/99      AC: 41    Str: 13 (18) XL:     18   Next: 95%
Magic:  4/44       EV: 11    Int: 36 (41) God:    Vehumet [******]
Gold:   834        SH:  4    Dex:  6 (10) Spells: 1/44 levels left

rFire   . . .      SeeInvis .   a - +12 short sword of Penony {vorpal, Str+4}
rCold   + . .      Faith    .   c - +0 buckler of Rekunwu {Rampage rPois Int+4}
rNeg    + . .      Spirit   .   w - +7 Kryia's mail coat {PotionHeal*2 rC+}
rPois   ∞          Reflect  .   h - +2 hat "Ynuoq" {Int+9 Slay-4}
rElec   +          Harm     .   H - +2 cloak
rCorr   .          Rampage  +   i - +2 pair of gloves
Will    +....                   o - +2 pair of boots
Stlth   ..........              (no amulet)
HPRegen 0.26/turn               S - ring of magical power
MPRegen 0.29/turn               j - +6 ring of intelligence

@: flying, studying Dodging
A: sickness immunity, AC +13, big wings, negative energy resistance 1,
electricity resistance, torment resistance 1, petrification resistance, frail 1
}: 1/15 runes: gossamer
a: Renounce Religion


You were on level 1 of the Vaults.
You worshipped Vehumet.
Vehumet was exalted by your worship.
You visited 7 branches of the dungeon, and saw 32 of its levels.
You visited the Abyss 1 time.
You also visited: Ossuary.

You collected 3633 gold pieces.
You spent 2799 gold pieces at shops.

Inventory:

Hand Weapons
 a - the +12 short sword of Penony (weapon) {vorpal, Str+4}
   (You found it on level 11 of the Dungeon)

   It inflicts extra damage upon your enemies.
   Str:       It affects your strength (+4).
 b - the +1 war axe of Guzaos {pain, *Slow rF++ rC+}
   (You found it on level 3 of the Dungeon)

   In the hands of one skilled in necromantic magic, it inflicts extra damage on
   living creatures.
   rF:        It greatly protects you from fire.
   rC:        It protects you from cold.
   *Slow:     It may slow you when you take damage.
Missiles
 r - 8 throwing nets
 W - 5 boomerangs of dispersal
Armour
 c - the +0 buckler of Rekunwu (worn) {Rampage rPois Int+4}
   (You found it on level 4 of the Lair of Beasts)

   Int:       It affects your intelligence (+4).
   rPois:     It protects you from poison.
   Rampage:   It bestows one free step when moving towards enemies.
 h - the +2 hat "Ynuoq" (worn) {Int+9 Slay-4}
   (You found it on level 4 of the Spider Nest)

   Int:       It affects your intelligence (+9).
   Slay:      It affects your accuracy & damage with ranged weapons and melee
   (-4).
 i - a +2 pair of gloves (worn)
 o - a +2 pair of boots (worn)
 w - the +7 Kryia's mail coat (worn) {PotionHeal*2 rC+}
   (You found it on level 5 of the Dungeon)

   Potions are twice as effective at healing its wearer.
   rC:        It protects you from cold.
 H - a +2 cloak (worn)
Jewellery
 j - a +6 ring of intelligence (right hand)
 l - a ring of willpower
 n - a ring of see invisible
 R - a +4 ring of evasion
 S - a ring of magical power (left hand)
 U - the ring of Shadows {Umbra +Inv Stlth+}
   (You found it on level 4 of the Shoals)

   [ring of stealth]

   It surrounds you with an aura of shadow, increasing your stealth and reducing
   the accuracy of all others within it.
   +Inv:      It lets you turn invisible.
   Stlth:     It makes you more stealthy.
Wands
 t - a wand of flame (135)
 x - a wand of digging (5)
 F - a wand of charming (24)
 I - a wand of iceblast (16)
 X - a wand of mindburst (8)
Scrolls
 d - 15 scrolls of identify
 e - 2 scrolls of enchant armour
 g - 13 scrolls of teleportation
 k - 2 scrolls of magic mapping
 q - 3 scrolls of poison
 s - a scroll of amnesia
 B - 9 scrolls of enchant weapon
 J - 5 scrolls of blinking
 M - 2 scrolls of torment
 P - 9 scrolls of fear
 Q - 8 scrolls of vulnerability
 T - a scroll of silence
 Z - 2 scrolls of brand weapon
Potions
 f - 2 potions of brilliance
 p - 7 potions of might
 u - 18 potions of curing
 v - 5 potions of haste
 z - a potion of magic
 A - a potion of berserk rage
 C - 6 potions of mutation
 D - 4 potions of cancellation
 E - 2 potions of resistance
 G - 5 potions of lignification
 K - 4 potions of invisibility
 N - 11 potions of ambrosia
 O - 5 potions of heal wounds
Miscellaneous
 L - a phial of floods
 Y - a box of beasts


   Skills:
 - Level 11.0 Fighting
 - Level 9.6 Armour
 + Level 13.6 Dodging
 - Level 2.1 Stealth
 - Level 6.6 Shields
 + Level 13.5 Spellcasting
 * Level 17.3 Conjurations
 - Level 3.1 Transmutations
 - Level 3.0 Air Magic
 * Level 20.5 Earth Magic


You had one spell level left.
You knew the following spells:

 Your Spells              Type           Power      Damage    Failure   Level
a - Sandblast             Erth           100%       2d20      0%          1
b - Passwall              Tmut/Erth      69%        N/A       1%          2
c - Stone Arrow           Conj/Erth      100%       3d13      0%          3
d - Iskenderun's Mystic   Conj/Tloc      72%        2d15      1%          4
e - Iron Shot             Conj/Erth      51%        9d10      1%          6
f - Lee's Rapid Deconstr  Erth           53%        3d26*     1%          5
g - Orb of Destruction    Conj           49%        9d13      1%          7
h - Fireball              Conj/Fire      36%        3d15      1%          5
i - Freezing Cloud        Conj/Ice/Air   32%        6-21      3%          5
j - Borgnjor's Vile Clut  Necr/Erth      39%        N/A       3%          5

Your spell library contained the following spells:

 Spells                   Type           Power      Damage    Failure   Level
 Maxwell's Capacitive Co  Air            23%        ∞         100%        8
 Magic Dart               Conj           100%       1d8       0%          1
 Shock                    Conj/Air       100%       1d9       1%          1
 Sting                    Tmut/Pois      100%       1d8       3%          1
 Apportation              Tloc           48%        N/A       8%          1
 Necrotise                Necr           96%        1d8       8%          1
 Slow                     Hex            96%        N/A       8%          1
 Summon Small Mammal      Summ           96%        N/A       8%          1
 Poisonous Vapours        Pois/Air       70%        N/A       1%          2
 Static Discharge         Conj/Air       78%        3-13/arc  1%          2
 Conjure Flame            Conj/Fire      72%        6-21      1%          3
 Dazzling Flash           Conj/Hex       100%       N/A       1%          3
 Mephitic Cloud           Conj/Pois/Air  65%        N/A       1%          3
 Animate Armour           Summ/Erth      100%       N/A       1%          4
 Flame Wave               Conj/Fire      72%        2d16      1%          4
 Leda's Liquefaction      Hex/Erth       39%        N/A       1%          4
 Petrify                  Tmut/Erth      83%        N/A       1%          4
 Sticky Flame             Conj/Fire      72%        2d9       1%          4
 Irradiate                Conj/Tmut      39%        3d24      1%          5
 Iskenderun's Battlesphe  Conj           99%        2d15      1%          5
 Lightning Bolt           Conj/Air       39%        1d57      1%          5
 Scorch                   Fire           48%        2d7       3%          2
 Ignite Poison            Fire/Tmut/Pois 32%        N/A       4%          3
 Airstrike                Air            23%        2d(4-20)  5%          4
 Lehudib's Crystal Spear  Conj/Erth      51%        10d12     5%          8
 Frozen Ramparts          Ice            48%        1d8       6%          3
 Swiftness                Air            46%        N/A       6%          3
 Starburst                Conj/Fire      36%        6d11      9%          6
 Blink                    Tloc           48%        N/A       11%         2
 Call Imp                 Summ           24%        N/A       11%         2
 Ensorcelled Hibernation  Hex/Ice        48%        N/A       11%         2
 Olgreb's Toxic Radiance  Pois           24%        N/A       19%         4
 Call Canine Familiar     Summ           24%        N/A       22%         3
 Confusing Touch          Hex            24%        N/A       22%         3
 Gell's Gravitas          Tloc           24%        N/A       22%         3
 Lesser Beckoning         Tloc           24%        N/A       22%         3
 Ozocubu's Armour         Ice            24%        N/A       22%         3
 Portal Projectile        Hex/Tloc       48%        N/A       22%         3
 Teleport Other           Tloc           24%        N/A       22%         3
 Vampiric Draining        Necr           24%        2d7       22%         3
 Yara's Violent Unravell  Hex/Tmut       17%        3d8       26%         5
 Shatter                  Erth           53%        3d40*     36%         9
 Spellforged Servitor     Conj/Summ      36%        N/A       41%         7
 Corpse Rot               Necr/Pois/Air  31%        N/A       43%         4
 Animate Dead             Necr           24%        N/A       58%         4
 Dispel Undead            Necr           24%        3d12      58%         4
 Summon Ice Beast         Ice/Summ       24%        N/A       58%         4
 Alistair's Intoxication  Tmut/Pois      23%        N/A       71%         5
 Manifold Assault         Tloc           24%        N/A       90%         5
 Metabolic Englaciation   Hex/Ice        12%        N/A       90%         5
 Summon Mana Viper        Hex/Summ       24%        N/A       90%         5
 Death Channel            Necr           12%        N/A       100%        6
 Simulacrum               Ice/Necr       12%        N/A       100%        6
 Summon Cactus Giant      Summ           12%        N/A       100%        6
 Enfeeble                 Hex            12%        N/A       100%        7
 Monstrous Menagerie      Summ           12%        N/A       100%        7
 Ozocubu's Refrigeration  Ice            12%        4d10      100%        7
 Ignition                 Fire           12%        3d6       100%        8
 Chain Lightning          Conj/Air       39%        3d52      100%        9
 Fire Storm               Conj/Fire      36%        8d9       100%        9
 Statue Form              Tmut/Erth      Unusable   N/A       N/A         6
 Sublimation of Blood     Necr           Unusable   N/A       N/A         2

Dungeon Overview and Level Annotations

Branches:
Dungeon (15/15)            Temple (1/1) D:4            Lair (5/5) D:9
 Shoals (4/4) Lair:3       Spider (4/4) Lair:3        Slime (0/5) Lair:4
    Orc (2/2) D:12            Elf (0/3) Orc:2        Vaults (1/5) D:13
 Depths (0/4) D:15        Ossuary (visited)

Altars:
Ashenzari
Cheibriados
Dithmenos
Elyvilon
Fedhas
Gozag
Hepliaklqana
Kikubaaqudgha
Makhleb
Nemelex Xobeh
Okawaru
Qazlal
Ru
Sif Muna
Trog
Uskayaw
Vehumet
Wu Jian
Xom
Yredelemnul
Zin
The Shining One
Jiyva

Shops:
D:1 :   D:7 *   D:12 !   Orc:2 ?([:

Annotations:
Shoals:4 Bai Suzhen; Louise
Orc:1 2 transporters, Dinant's ghost, journeyman DsMo


Innate Abilities, Weirdness & Mutations

You are immune to sickness and miasma.
Your stone body is resilient. (AC +13)
You are immune to poison.
Your large and strong wings let you fly.
You resist negative energy. (rN+)
You are resistant to electric shocks. (rElec)
You are resistant to unholy torment.
You are immune to petrification.
You are frail. (-10% HP)


Message History

Confirm with . or Enter, or press ? or * to list all spells.
Aiming: Sandblast (safe; 0% risk of failure)
Press: ? - help, Shift-Dir - straight line, f/p - ironbound preserver
Aim: an ironbound preserver, wielding a +0 dire flail, wearing a +0 leather armour and wearing a ring of protection from fire (almost dead, 93% to hit)
The blast of sand misses the ironbound preserver.
The deep troll bites you but does no damage.
The deep troll claws you but does no damage. x2
A deep troll comes into view.
The ironbound preserver casts a spell.
The ironbound preserver begins to accept its allies' injuries.
The deep troll barely misses you.
The deep troll claws you but does no damage.
You block the deep troll's attack.
The ironbound preserver gestures wildly while chanting.
The ironbound preserver is healed somewhat.
Casting: Sandblast (safe; 0% risk of failure)
Confirm with . or Enter, or press ? or * to list all spells.
Aiming: Sandblast (safe; 0% risk of failure)
Press: ? - help, Shift-Dir - straight line, f/p - ironbound preserver
Aim: an ironbound preserver, wielding a +0 dire flail, wearing a +0 leather armour and wearing a ring of protection from fire (severely wounded, 93% to hit)
The blast of sand hits the deep troll!
The deep troll is lightly wounded.
Casting: Sandblast (safe; 0% risk of failure)
Confirm with . or Enter, or press ? or * to list all spells.
Aiming: Sandblast (safe; 0% risk of failure)
Press: ? - help, Shift-Dir - straight line, f/p - ironbound preserver
Aim: an ironbound preserver, wielding a +0 dire flail, wearing a +0 leather armour and wearing a ring of protection from fire (almost dead, 93% to hit)
The blast of sand hits the ironbound preserver!!
You kill the ironbound preserver!
Vehumet accepts your kill.
You feel your power returning. The deep troll bites you!
* * * LOW HITPOINT WARNING * * *
The deep troll claws you but does no damage.
The deep troll claws you!
* * * LOW HITPOINT WARNING * * *
The deep troll bites you.
* * * LOW HITPOINT WARNING * * *
The deep troll claws you but does no damage.
The deep troll claws you.
You die...

### ##..∩.##.....).)........###
###.###......#...#########....##.
..#..#...).))+...# #....'..
..#....>..#..#...# #../.##.
..'......###.#...# #....##.
..##....## ###...# #....#..
..###....## #...+ #....#.# ..#
##....# #...# #....#.# ..# ######
#..@#########....#.# ..#
#..TT.[..........#.. ..#
#................#.. ..#
#..##'######.....### ###
#..#.......#.....#
#..#.......#.....#
#..#.......#.....#
#..#.......#p....#
#.......#.....#


You could see 2 deep trolls.

Vanquished Creatures
  Saint Roka (Orc:2)
  A Hell Sentinel (Abyss:2)
  Jorgrun (Lair:3)
  Mlioglotl (Spider:3)
  A kraken (Shoals:2)
  3 tentacled starspawn (Abyss:2)
  Agnes (Spider:1)
  6 emperor scorpions
  The ghost of Frank the Severer, a journeyman DgFi (Spider:2)
  A vault warden (Vaults:1)
  5 ghost moths
  Aizul (Shoals:1)
  An ironbound preserver (Vaults:1)
  2 broodmothers
  An entropy weaver (shapeshifter) (D:10)
  3 entropy weavers
  A dire elephant (D:15)
  Snorg (Lair:3)
  A spark wasp (Lair:3)
  3 merfolk javelineers (Shoals:4)
  5 merfolk impalers
  2 fire dragons
  Harold (D:11)
  8 boulder beetles
  A spriggan skeleton (Abyss:2)
  4 hydras
  13 centaur warriors
  3 jorogumos
  An ironbound frostheart (Vaults:1)
  6 two-headed ogres
  2 catoblepae (D:13)
  3 radroaches
  Erica (D:11)
  2 alligator snapping turtles
  An ogre mage (D:15)
  6 merfolk avatars
  A satyr (Shoals:2)
  4 merfolk aquamancers
  A tengu warrior (D:15)
  The ghost of gargbit the Fighter, a novice OpFi of Hepliaklqana (D:8)
  4 orc high priests
  A thrashing horror (Abyss:2)
  Nergalle (Orc:1)
  Sonja (D:10)
  A wretched star (Abyss:2)
  A fire crab (Lair:5)
  3 pharaoh ants
  Lodul (D:12)
  7 sea snakes
  3 sun moths
  2 deep trolls
  6 orb spiders
  A swamp dragon (Lair:5)
  8 steelbarb worms
  2 deep elf pyromancers
  10 harpies
  A lindwurm (Lair:4)
  4 orc knights
  A necromancer (D:13)
  19 wolf spiders
  4 fauns (Shoals:2)
  10 cyclopes
  9 ugly things
  2 orc sorcerers (Orc:2)
  11 slime creatures
  11 manticores
  A salamander (D:15)
  9 merfolk sirens
  3 moths of wrath
  4 elephants (Lair:4)
  Maurice (D:8)
  The ghost of MajorAdolf the Sneak, a novice NaWn (D:5)
  3 black mambas
  5 torpor snails
  5 smoke demons (Abyss:2)
  A water nymph (Shoals:1)
  An apocalypse crab (Abyss:2)
  12 cane toads
  24 rime drakes
  An unseen horror (D:11)
  7 yaktaurs (Vaults:1)
  10 demonic crawlers
  9 komodo dragons
  26 merfolk
  3 hornets
  A queen bee (shapeshifter) (D:15)
  A queen bee (D:12)
  9 polar bears (Lair:5)
  A wind drake (shapeshifter) (D:13)
  2 hellwings (Abyss:2)
  6 meliai
  10 trolls
  Grinder (D:4)
  5 wind drakes
  6 raiju
  16 tarantellas
  11 dream sheep
  9 blink frogs
  6 snapping turtles
  17 culicivoras
  25 jumping spiders
  A merfolk skeleton (Abyss:2)
  32 yaks
  3 wraiths
  3 ynoxinuls (Abyss:2)
  3 wyverns
  3 shadows
  4 large abominations (Abyss:2)
  6 basilisks
  A black mamba skeleton (Abyss:2)
  6 water elementals
  5 vampires
  16 steam dragons
  10 vampire mosquitoes
  A chaos spawn (Abyss:2)
  A neqoxec (Abyss:2)
  60 redbacks
  3 small abominations (Abyss:2)
  Edmund (D:5)
  11 wargs
  An acid dragon (shapeshifter) (D:14)
  2 acid dragons
  5 water moccasins
  Duvessa (D:4)
  14 hell hounds (Lair:5)
  An ice beast (D:8)
  31 orc warriors
  A swamp drake (Lair:5)
  14 black bears
  A sky beast (D:6)
  18 ogres
  7 centaurs
  17 wolves (Lair:5)
  A phantom (D:5)
  Blork the orc (D:4)
  11 bullfrogs
  9 necrophages
  5 scorpions
  11 wights
  Dowan (D:4)
  27 killer bees
  8 howler monkeys
  7 electric eels
  2 hounds
  2 jellies (D:5)
  16 orc priests
  A gnoll bouda (D:4)
  5 iguanas
  Ijyb (D:4)
  Terence (D:2)
  18 orc wizards
  9 mummies
  Robin (D:3)
  A gnoll (shapeshifter) (D:14)
  13 gnolls
  14 adders
  A shadow imp (D:6)
  4 white imps
  2 ufetubi
  2 worms (D:3)
  5 dart slugs
  87 orcs
  9 ball pythons
  6 endoplasms
  4 giant cockroaches
  A gnoll zombie (Ossuary)
  14 goblins
  9 hobgoblins
  A jackal (D:3)
  3 quokkas
  5 bats
  8 frilled lizards
  A goblin zombie (D:7)
  3 hobgoblin zombies (Ossuary)
  7 kobolds
  A kobold zombie (Ossuary)
  4 orc zombies
  5 rats
  3 starspawn tentacles (Abyss:2)
  7 tentacles (Shoals:2)
1118 creatures vanquished.

Vanquished Creatures (others)
  A steam dragon (Lair:5)
  42 fungi
  126 plants
  9 starspawn tentacles
  28 tentacles (Shoals:2)
206 creatures vanquished.

Grand Total: 1324 creatures vanquished

Notes
Turn   | Place    | Note
-------+----------+-------------------------------------------
     0 | D:1      | raph the Gargoyle Earth Elementalist began the quest for
                  | the Orb.
     0 | D:1      | Reached XP level 1. HP: 10/10 MP: 3/3
   235 | D:1      | Reached skill level 4 in Earth Magic
   424 | D:1      | Reached XP level 2. HP: 15/15 MP: 3/5
   459 | D:1      | Learned a level 2 spell: Passwall
   721 | D:1      | Found Olis Nua's Book Shoppe.
   880 | D:2      | Reached XP level 3. HP: 19/19 MP: 4/6
   882 | D:2      | Reached skill level 5 in Earth Magic
   886 | D:2      | Learned a level 3 spell: Stone Arrow
  1091 | D:2      | Noticed Terence
  1111 | D:2      | Killed Terence
  1112 | D:2      | Reached skill level 6 in Earth Magic
  1112 | D:2      | Reached XP level 4. HP: 22/24 MP: 2/7
  1790 | D:3      | Noticed Robin
  2063 | D:3      | Reached XP level 5. HP: 28/28 MP: 6/8
  2408 | D:3      | Killed Robin
  2553 | D:2      | Reached skill level 7 in Earth Magic
  2774 | D:3      | Found a faded altar of an unknown god.
  3130 | D:3      | Identified the +1 war axe of Guzaos {pain, *Slow rF++ rC+}
  3227 | D:3      | Reached XP level 6. HP: 32/32 MP: 7/9
  3381 | D:3      | Reached skill level 8 in Earth Magic
  3962 | D:4      | Noticed Blork the orc
  4240 | D:4      | Found a staircase to the Ecumenical Temple.
  4249 | Temple   | Entered the Ecumenical Temple
  4334 | Temple   | Became a worshipper of Vehumet
  4348 | D:4      | Noticed Duvessa
  4603 | D:4      | Reached XP level 7. HP: 36/36 MP: 9/11
  4606 | D:4      | Noticed Grinder
  4628 | D:4      | Paralysed by Grinder for 2 turns
  4634 | D:4      | Killed Grinder
  4635 | D:4      | Reached skill level 9 in Earth Magic
  4719 | D:4      | Noticed Ijyb
  4826 | D:4      | Killed Ijyb
  4893 | D:4      | Learned a level 4 spell: Petrify
  4897 | D:4      | Learned a level 3 spell: Mephitic Cloud
  4959 | D:4      | Noticed Dowan
  5152 | D:5      | Entered Level 5 of the Dungeon
  5174 | D:5      | Noticed MajorAdolf's ghost (novice NaWn)
  5337 | D:5      | Found a runed translucent gate.
  5337 | D:5      | Found a runed translucent gate.
  5337 | D:5      | Found a runed translucent gate.
  5383 | D:5      | Reached skill level 1 in Conjurations
  5621 | D:5      | Reached * piety under Vehumet
  5621 | D:5      | Offered knowledge of Freeze by Vehumet.
  5622 | D:5      | Reached XP level 8. HP: 41/41 MP: 7/14
  5975 | D:5      | Reached skill level 1 in Air Magic
  6215 | D:5      | Found the +7 Kryia's mail coat {PotionHeal*2 rC+}
  6241 | D:5      | Noticed Edmund
  6244 | D:5      | Killed Edmund
  6245 | D:5      | Reached skill level 10 in Earth Magic
  6343 | D:5      | Reached skill level 1 in Armour
  6913 | D:6      | Reached skill level 5 in Spellcasting
  7356 | D:6      | Reached XP level 9. HP: 45/45 MP: 7/16
  9172 | D:7      | Found Ehe Gor's Gadget Gallery.
  9287 | D:7      | Found a sand-covered staircase.
  9295 | Ossuary  | Entered an ossuary
  9413 | Ossuary  | Reached skill level 1 in Fighting
  9441 | Ossuary  | Reached skill level 1 in Transmutations
 10045 | D:7      | Learned a level 5 spell: Lee's Rapid Deconstruction
 10318 | D:8      | Reached skill level 5 in Conjurations
 10340 | D:8      | Reached ** piety under Vehumet
 10340 | D:8      | Offered knowledge of Foxfire by Vehumet.
 10576 | D:8      | Reached skill level 11 in Earth Magic
 10586 | D:8      | Reached XP level 10. HP: 50/55 MP: 5/19
 11179 | D:1      | Bought a book of Armaments for 504 gold pieces
 11319 | D:4      | Killed Duvessa
 11324 | D:4      | Killed Dowan
 11626 | D:4      | Killed Blork the orc
 11926 | D:8      | Noticed Maurice
 11930 | D:8      | Killed Maurice
 12350 | D:8      | Found a runed translucent door.
 12351 | D:8      | Noticed a deep elf pyromancer
 12351 | D:8      | Noticed gargbit's ghost (novice OpFi)
 12649 | D:8      | Identified the +11 long sword of Cidoenor {antimagic, rF+++
                  | rN+ Int+5 Stlth-}
 13186 | D:9      | Learned a level 4 spell: Animate Armour
 13850 | D:9      | Found a basalt altar of Yredelemnul.
 13850 | D:9      | Found a sacrificial altar of Ru.
 14032 | D:9      | Reached XP level 11. HP: 49/62 MP: 13/21
 14157 | D:9      | Found a staircase to the Lair.
 14383 | D:10     | Entered Level 10 of the Dungeon
 14386 | D:10     | Reached skill level 5 in Fighting
 14548 | D:10     | Offered knowledge of Frozen Ramparts by Vehumet.
 14549 | D:10     | Reached skill level 12 in Earth Magic
 14550 | D:10     | Found an iron altar of Okawaru.
 14666 | D:10     | Found a runed translucent door.
 14666 | D:10     | Noticed a boulder beetle
 14667 | D:10     | Noticed an orc high priest
 15218 | D:10     | Noticed a centaur warrior
 15218 | D:10     | Noticed a deep elf pyromancer
 15219 | D:10     | Noticed a swamp dragon
 15223 | D:10     | Noticed a centaur warrior
 15436 | Lair:1   | Entered Level 1 of the Lair of Beasts
 15917 | Lair:1   | Learned a level 3 spell: Frozen Ramparts
 16492 | Lair:1   | Reached skill level 5 in Dodging
 17055 | Lair:2   | Reached *** piety under Vehumet
 17627 | Lair:2   | Reached XP level 12. HP: 59/71 MP: 15/24
 18587 | Lair:2   | Reached skill level 13 in Earth Magic
 18722 | Lair:2   | Offered knowledge of Flame Wave by Vehumet.
 18953 | Lair:2   | Reached skill level 5 in Armour
 19784 | Lair:3   | Noticed Snorg
 19788 | Lair:3   | Killed Snorg
 19922 | Lair:3   | Reached **** piety under Vehumet
 20670 | Lair:3   | Found a staircase to the Shoals.
 20700 | Lair:3   | Found a hole to the Spider Nest.
 20955 | Lair:3   | Offered knowledge of Lightning Bolt by Vehumet.
 21314 | Lair:3   | Learned a level 5 spell: Lightning Bolt
 21647 | Lair:4   | Reached XP level 13. HP: 73/78 MP: 21/25
 22643 | Lair:4   | Found a viscous altar of Jiyva.
 22643 | Lair:4   | Found a staircase to the Slime Pits.
 23001 | Lair:4   | Identified the +0 buckler of Rekunwu {Rampage rPois Int+4}
 23521 | Lair:5   | Entered Level 5 of the Lair of Beasts
 23524 | Lair:5   | Reached skill level 14 in Earth Magic
 23590 | Lair:5   | Reached skill level 1 in Shields
 23591 | Lair:5   | Reached skill level 10 in Conjurations
 26260 | Lair:5   | Reached ***** piety under Vehumet
 27129 | Lair:5   | Offered knowledge of Yara's Violent Unravelling by Vehumet.
 27151 | Lair:5   | Gained mutation: Your large and strong wings let you fly.
                  | [Gargoyle growth]
 27151 | Lair:5   | Reached XP level 14. HP: 65/86 MP: 5/27
 28720 | Lair:5   | Learned a level 5 spell: Freezing Cloud
 29223 | D:10     | Noticed Sonja
 29233 | D:10     | Killed Sonja
 29234 | D:10     | Reached skill level 10 in Spellcasting
 29915 | D:10     | Found an ornate altar of the Wu Jian Council.
 29915 | D:10     | Found an opulent altar of Gozag.
 29970 | D:10     | Found a broken altar of Ashenzari.
 31456 | D:11     | Reached skill level 10 in Fighting
 31742 | D:11     | Identified the +12 short sword of Penony {vorpal, Str+4}
 32318 | D:11     | Noticed Harold
 32340 | D:11     | Killed Harold
 32527 | D:11     | Noticed Erica
 32532 | D:11     | Killed Erica
 32715 | D:12     | Found Hueppoto's Distillery.
 32729 | D:12     | Bought a potion of haste for 140 gold pieces
 32729 | D:12     | Bought a potion of invisibility for 112 gold pieces
 32849 | D:12     | Reached skill level 5 in Shields
 33006 | D:12     | Reached skill level 15 in Earth Magic
 33300 | D:12     | Offered knowledge of Fireball by Vehumet.
 33430 | D:12     | Learned a level 5 spell: Fireball
 33647 | D:12     | Found a staircase to the Orcish Mines.
 33751 | D:12     | Noticed Lodul
 33759 | D:12     | Killed Lodul
 34326 | D:13     | You are sucked into a shaft and drop 1 floor!
 34339 | D:14     | Found Husurof's Overcharged Wands.
 34451 | D:14     | Reached XP level 15. HP: 93/93 MP: 1/29
 36313 | D:13     | Found a gate to the Vaults.
 36470 | Orc:1    | Entered Level 1 of the Orcish Mines
 36473 | Orc:1    | Noticed Nergalle
 36721 | Orc:1    | Killed Nergalle
 36968 | Orc:1    | Found a transporter.
 36979 | Orc:1    | Found a transporter.
 37481 | Orc:1    | Noticed Dinant's ghost (journeyman DsMo)
 37531 | Orc:1    | Offered knowledge of Conjure Ball Lightning by Vehumet.
 38029 | Orc:2    | Entered Level 2 of the Orcish Mines
 38628 | Orc:2    | Found Zuskion's Magic Scroll Emporium.
 38653 | Orc:2    | Bought a scroll of fear for 52 gold pieces
 38653 | Orc:2    | Bought a scroll of teleportation for 39 gold pieces
 38670 | Orc:2    | Found a staircase to the Elven Halls.
 38889 | Orc:2    | Found Yxtiq's Book Shoppe.
 38944 | Orc:2    | Bought a manual of Dodging for 1280 gold pieces
 39891 | Orc:2    | Bought a book of Power for 672 gold pieces
 39898 | Orc:2    | Learned a level 6 spell: Iron Shot
 40050 | Orc:2    | Noticed Saint Roka
 40282 | Orc:2    | Offered knowledge of Eringya's Noxious Bog by Vehumet.
 40285 | Orc:2    | Killed Saint Roka
 40707 | Orc:2    | Found Moujoer's Antique Weapon Shoppe.
 40710 | Orc:2    | Found Zoesch's Antique Armour Emporium.
 41095 | D:5      | Killed MajorAdolf's ghost
 41626 | D:8      | Reached skill level 16 in Earth Magic
 41627 | D:8      | Killed gargbit's ghost
 41694 | D:8      | Identified the +10 sling "Vaecs" {venom, rElec Dex+2}
 42262 | D:15     | Entered Level 15 of the Dungeon
 42513 | D:15     | Reached XP level 16. HP: 94/100 MP: 24/31
 42572 | D:15     | Found an iron altar of Okawaru.
 42662 | D:15     | Found a staircase to the Depths.
 43033 | D:15     | Reached skill level 10 in Dodging
 43676 | Shoals:1 | Entered Level 1 of the Shoals
 44185 | Shoals:1 | Noticed Aizul
 44192 | Shoals:1 | Killed Aizul
 45605 | Shoals:2 | Offered knowledge of Orb of Destruction by Vehumet.
 45711 | Shoals:1 | Learned a level 7 spell: Orb of Destruction
 46657 | Shoals:2 | Reached skill level 17 in Earth Magic
 46757 | Shoals:2 | Found a shimmering altar of Xom.
 46760 | Shoals:2 | Noticed a kraken
 47190 | Shoals:2 | Killed a kraken
 48944 | Shoals:4 | Entered Level 4 of the Shoals
 49315 | Shoals:4 | Noticed Bai Suzhen
 50177 | Shoals:4 | Reached XP level 17. HP: 104/104 MP: 24/33
 50185 | Shoals:4 | Identified the +5 sling of Bankruptcy {vorpal, rElec Str+4}
 50617 | Shoals:4 | Offered knowledge of Conjure Ball Lightning by Vehumet.
 50715 | Shoals:4 | Found the ring of Shadows {Umbra +Inv Stlth+}
 51244 | Shoals:4 | Identified the +7 tower shield of the Blessed Realm {Drain
                  | rPois rC+}
 51244 | Shoals:4 | Noticed Louise
 51247 | Shoals:4 | Reached skill level 18 in Earth Magic
 51469 | Abyss:2  | Cast into level 2 of the Abyss (Louise)
 52065 | Abyss:2  | Noticed a tentacled starspawn
 52069 | Abyss:2  | Killed a tentacled starspawn
 52070 | Abyss:2  | Noticed a Hell Sentinel
 52073 | Abyss:2  | Noticed a tentacled starspawn
 52075 | Abyss:2  | Killed a Hell Sentinel
 52080 | Abyss:2  | Killed a tentacled starspawn
 52092 | Abyss:2  | Reached skill level 15 in Conjurations
 52095 | Abyss:2  | Noticed a tentacled starspawn
 52104 | Abyss:2  | Killed a tentacled starspawn
 52251 | Abyss:2  | Noticed a tentacled starspawn
 52261 | Abyss:2  | Found a corrupted altar of Lugonu.
 52322 | Abyss:2  | Gained mutation: You are frail. (-10% HP) [a neqoxec]
 52526 | Shoals:4 | Escaped the Abyss
 52868 | Spider:1 | Entered Level 1 of the Spider Nest
 52868 | Spider:1 | Noticed Agnes
 52986 | Spider:1 | Killed Agnes
 52986 | Spider:1 | Noticed Jorgrun
 52994 | Lair:3   | HP: 3/93 [ghost moth (10)]
 53285 | Lair:3   | Killed Jorgrun
 53512 | Spider:1 | Offered knowledge of Maxwell's Capacitive Coupling by
                  | Vehumet.
 55164 | Spider:2 | Reached skill level 19 in Earth Magic
 55833 | Spider:2 | Found a large runed translucent door.
 55835 | Spider:2 | Found a large runed translucent door.
 55840 | Spider:2 | Noticed Frank's ghost (journeyman DgFi)
 56282 | Spider:2 | Learned a level 4 spell: Iskenderun's Mystic Blast
 56893 | Spider:2 | Reached XP level 18. HP: 99/99 MP: 34/34
 57162 | Spider:2 | Killed Frank's ghost
 58945 | Spider:3 | Noticed Mlioglotl
 58956 | Spider:3 | Killed Mlioglotl
 59643 | Spider:4 | Entered Level 4 of the Spider Nest
 60590 | Spider:4 | Reached skill level 20 in Earth Magic
 62497 | Spider:3 | Learned a level 5 spell: Borgnjor's Vile Clutch
 62649 | Spider:4 | Identified the +6 arbalest of Ohuraifu {elec, rF++}
 63451 | Spider:4 | Identified the +2 hat "Ynuoq" {Int+9 Slay-4}
 63478 | Spider:4 | Got a gossamer rune of Zot
 63800 | Vaults:1 | Entered Level 1 of the Vaults
 64455 | Vaults:1 | Reached ****** piety under Vehumet
 64535 | Vaults:1 | HP: 3/99 [deep troll[an ironbound preserver] (7)]
 64535 | Vaults:1 | HP: 1/99 [deep troll[an ironbound preserver] (2)]
 64535 | Vaults:1 | Slain by a deep troll

Illustrated notes

Levels and vault maps discovered:
D:1:      shiori_arrival_elements, layout_rooms, serial_shops,
          nicolae_diamond_shop
D:2:      layout_rooms, uniq_terence
D:3:      minmay_thinvault, layout_rooms, shapermc_ecumenical_altar_pompeii,
          serial_forest, infiniplex_forest_straight_3,
          infiniplex_forest_zigzag_1, infiniplex_forest_clump_curved,
          infiniplex_forest_clump_medium, infiniplex_forest_clump_large,
          infiniplex_forest_clump_C, infiniplex_forest_straight_3,
          infiniplex_forest_clump_double, minmay_lizard_king, uniq_robin
D:4:      layout_loops_ring, minmay_temple_entry_gardened_gates,
          kennysheep_generic_room_6, uniq_duvessa, uniq_blork_the_orc,
          uniq_ijyb, uniq_grinder
D:5:      layout_basic, gammafunk_ghost_split, hellmonk_bongcloud_opening,
          dreamdust_gnoll_farm, uniq_edmund
D:6:      cheibrodos_two_vegetables, layout_layer_cave,
          minmay_a_box_with_orc_wizards_in_it
D:7:      layout_gridville, nicolae_ossuary_entry_giza, nicolae_shop_gadgets
D:8:      layout_basic, ebering_ghost_inner_flame, uniq_maurice
D:9:      statuecave_lemuel, layout_basic, gammafunk_temple_overflow_elements,
          erik_lair_dragon, nicolae_figureground_pulse
D:10:     layout_long_grid, gammafunk_temple_overflow_wave,
          hangedman_feature_mirror, hangedman_abyss_or_decor_stagger,
          minivault_13, uniq_sonja
D:11:     minmay_distorted_concentric_squares, layout_irregular_city,
          kennysheep_boxes, uniq_erica, uniq_harold
D:12:     layout_roguey [special_room_bee], hiddenorc1_lemuel, serial_shops,
          shop, uniq_lodul
D:13:     kennysheep_room_grid, layout_rooms, david_vaults_4
D:14:     layout_rooms, nicolae_shop_overcharged_wands
D:15:     hangedman_depths_entry_try_elsewhere_first, layout_basic,
          interstate_on_off, dk_noncrumbling_3, okawaru_gym_becter
Temple:   dpeg_three_leaves_temple
Lair:1:   layout_loops_ring
Lair:2:   layout_regular_city, bobbens_dragon_lair_wall
Lair:3:   layout_hall_layers, elwin_shoals_entry_rooms, spider_nest_entry_a,
          small_statue_intersection, st_stairs_11, roderic_carrion_pond,
          uniq_snorg
Lair:4:   layout_cave_pods, slime_entry_1, hangedman_lair_generics_rect,
          serial_bayou_shore_b
Lair:5:   guppyfry_lair_end_dragon, layout_regular_city,
          hangedman_lair_caniforms_friends, chequers_serial_rivers_small_a,
          guppyfry_lair_drakes
Shoals:1: layout_shoals, nicolae_shoals_stone_sculpture_thing, uniq_aizul
Shoals:2: layout_shoals, wheals_shoals_ruined_temple
Shoals:3: layout_shoals
Shoals:4: shoals_end_hangedman, layout_shoals, uniq_bai_suzhen, uniq_louise
Spider:1: layout_spider_delve, uniq_agnes, uniq_jorgrun
Spider:2: layout_chambers, ebering_ghost_disaster_area
Spider:3: layout_spider_delve, hellmonk_narrow_tunnel, uniq_mlioglotl
Spider:4: guppyfry_spider_rune
Orc:1:    layout_caves, gammafunk_ghost_stat_death, kennysheep_orc_chapel,
          uniq_nergalle
Orc:2:    grunt_orc_community_town_hall, layout_diamond_mine,
          grunt_orc_community_big_house_1, grunt_orc_community_big_house_1,
          grunt_orc_community_house_3, grunt_orc_community_house_2,
          grunt_orc_community_house_2, grunt_orc_community_house_2,
          grunt_orc_community_house_3, nicolae_orc_sculptors_studio
Vaults:1: nicolae_vaults_alarming, hangedman_vaults_locks,
          nicolae_vaults_angled_halls, nicolae_vaults_little_squares_4,
          emtedronai_trogs_sanctum, dpeg_vaults_monster_row,
          nicolae_vaults_border_crossing, ontoclasm_vaults_twist, v_pattern_1,
          nicolae_vaults_yaktaur_gun_rack, nicolae_vaults_little_squares_1,
          v_misc_19, layout_vaults_omnibox

Skill      XL: |  1  2  3  4  5  6  7  8  9 10 11 12 13 14 15 16 17 18 |
---------------+-------------------------------------------------------+-----
Earth Magic    | 4 6 7 8 9 10 11 12 13 14 15 16 17 19 20 | 20.5
Spellcasting   | 3 4 5 6 7 8 9 10 11 12 13 | 13.5
Conjurations   | 1 3 5 6 8 9 10 11 12 14 15 17 | 17.3
Air Magic      | 2 3 |  3.0
Armour         | 2 3 4 6 7 9 |  9.6
Fighting       | 2 4 6 8 9 10 11 | 11.0
Transmutations | 2 3 |  3.1
Dodging        | 2 4 5 6 7 8 9 11 12 13 | 13.6
Shields        | 3 5 6 |  6.6
Stealth        | |  2.1

Action                   |  1- 3 |  4- 6 |  7- 9 | 10-12 | 13-15 | 16-18 || total
-------------------------+-------+-------+-------+-------+-------+-------++-------
Melee: Unarmed           |     6 |       |       |       |       |       ||     6
       Dagger            |     2 |     8 |     9 |    14 |    27 |       ||    60
       Punch             |       |       |     1 |     1 |       |       ||     2
       Short sword       |       |       |       |       |    60 |   173 ||   233
Throw: Dart              |     3 |       |       |     1 |    22 |       ||    26
 Cast: Sandblast         |    37 |    83 |   103 |    84 |   117 |   106 ||   530
       Passwall          |     1 |     1 |     3 |     7 |    16 |    24 ||    52
       Stone Arrow       |       |    10 |    53 |    51 |   149 |     5 ||   268
       Petrify           |       |       |     6 |    34 |    65 |     4 ||   109
       Lee's Rapid Decon |       |       |     5 |   105 |   297 |    56 ||   463
       Mephitic Cloud    |       |       |       |     3 |       |       ||     3
       Frozen Ramparts   |       |       |       |     2 |       |       ||     2
       Lightning Bolt    |       |       |       |     4 |    40 |       ||    44
       Animate Armour    |       |       |       |       |     4 |       ||     4
       Freezing Cloud    |       |       |       |       |    17 |    26 ||    43
       Iron Shot         |       |       |       |       |    31 |   531 ||   562
       Orb of Destructio |       |       |       |       |       |    49 ||    49
       Fireball          |       |       |       |       |       |     3 ||     3
       Iskenderun's Myst |       |       |       |       |       |    21 ||    21
       Borgnjor's Vile C |       |       |       |       |       |     2 ||     2
Evoke: Phial of floods   |       |       |       |     1 |     1 |     1 ||     3
       Wand              |       |       |       |     1 |     5 |     5 ||    11
  Use: Scroll            |     3 |     8 |    11 |     9 |    10 |     6 ||    47
       Potion            |       |       |     1 |     1 |     3 |     8 ||    13
 Stab: Petrified         |       |       |     1 |       |    23 |       ||    24
Armor: Robe              |     8 |    19 |    18 |    30 |       |       ||    75
       Scale mail        |       |       |    10 |    64 |   253 |   934 ||  1261
Dodge: Dodged            |    14 |    36 |    27 |    65 |   243 |   463 ||   848
Block: Buckler           |       |       |       |       |    62 |   203 ||   265
